Map: 16-Bit LE

Players

Nerchio - Winner!

  • Race: Zerg Zerg
  • Spawn Location: 7:00

puCK (Nina)

  • Race: Protoss Protoss
  • Spawn Location: 1:00

Event: WCS Valencia 2018

VOD

Have the link to the VOD?

Description

Time

  • Played on: July 12, 2018, 12:50 p.m.
  • Length: 14:59

All games in this series

Show
View Real Time Build Order
Export as new Build Order

Nerchio Zerg - Winner!

Build Orders: Hatch First, Brood Lord Corruptor 

Get SALT Encoding   

  12  0:00  Drone  
  13  0:12  Overlord  
  13  0:18  Drone  
  14  0:31  Drone x2  
  17  0:35  Drone  
  17  0:54  Hatchery  
  17  0:56  Drone  
  17  1:00  Drone  
  18  1:09  Extractor  
  17  1:15  Spawning Pool  
  17  1:18  Drone  
  17  1:21  Drone  
  18  1:28  Drone  
  19  1:38  Drone  
  20  1:50  Hatchery  
  20  1:53  Drone  
  20  2:05  Queen  
  22  2:09  Metabolic Boost  
  22  2:13  Drone  
  23  2:16  Drone  
  23  2:19  Drone  
  25  2:24  Overlord  
  25  2:33  Queen  
  25  2:36  Zergling x2  
  28  2:43  Zergling x2  
  29  2:45  Drone x2  
  29  2:47  Drone  
  29  2:50  Drone  
  33  2:57  Overlord  
  33  3:00  Queen  
  33  3:04  Drone  
  36  3:06  Drone  
  36  3:08  Drone  
  36  3:10  Drone  
  39  3:14  Overlord  
  39  3:17  Drone  
  39  3:19  Drone  
  41  3:20  Drone  
  41  3:23  Spore Crawler  
  41  3:25  Zergling x2  
  42  3:27  Zergling x2  
  42  3:31  Spore Crawler  
  42  3:34  Spore Crawler  
  41  3:35  Drone  
  41  3:37  Drone  
  41  3:39  Drone  
  41  3:41  Drone  
  45  3:42  Drone  
  45  3:45  Drone  
  45  3:46  Drone  
  48  3:48  Drone  
  48  3:49  Drone  
  48  3:54  Overlord  
  50  3:58  Spore Crawler  
  50  4:00  Lair  
  50  4:02  Drone x2  
  52  4:04  Drone  
  52  4:05  Drone  
  52  4:08  Overlord  
  54  4:10  Drone  
  54  4:11  Drone  
  54  4:15  Extractor, Drone  
  54  4:16  Drone  
  54  4:17  Extractor  
  56  4:19  Drone x2  
  56  4:21  Overlord  
  58  4:28  Drone x4  
  58  4:29  Drone  
  63  4:34  Queen  
  63  4:35  Overlord  
  65  4:39  Overlord  
  64  4:47  Extractor, Baneling Nest, Drone x2  
  64  4:48  Drone  
  65  4:59  Hydralisk Den  
  64  5:01  Drone  
  64  5:02  Drone  
  66  5:10  Zergling x18  
  75  5:28  Hydralisk x6, Hatchery  
  75  5:30  Hydralisk  
  75  5:31  Evolution Chamber  
  75  5:34  Hydralisk  
  89  5:40  Overlord  
  88  5:45  Overlord  
  88  5:47  Zergling x2  
  88  5:48  Overlord x2  
  87  6:01  Drone x3  
  88  6:08  Hydralisk x2  
  88  6:09  Hydralisk x2  
  88  6:10  Hydralisk x2  
  97  6:11  Drone x2  
  97  6:14  Drone  
  97  6:15  Drone  
  97  6:16  Drone  
  96  6:19  Extractor  
  96  6:21  Muscular Augments  
  96  6:22  Drone  
  96  6:23  Extractor, Drone  
  97  6:25  Drone  
  97  6:29  Drone  
  98  6:41  Zerg Melee Weapons Level 1  
  98  6:42  Drone x7  
  105  6:47  Drone  
  105  6:48  Centrifical Hooks  
  105  6:51  Overseer  
  105  6:52  Drone  
  105  6:53  Drone x4  
  112  6:54  Drone  
  112  6:57  Overlord  
  112  7:00  Overseer  
  112  7:01  Overlord  
  112  7:07  Drone x5  
  116  7:13  Overlord  
  116  7:15  Overlord  
  116  7:17  Extractor, Drone x2  
  116  7:21  Evolution Chamber  
  116  7:26  Pneumatized Carapace  
  116  7:30  Hydralisk x3, Hatchery  
  116  7:32  Hydralisk  
  116  7:33  Grooved Spines  
  116  7:35  Hydralisk  
  125  7:37  Zergling x8  
  125  7:39  Hydralisk  
  125  7:41  Hydralisk  
  133  7:44  Hydralisk  
  133  7:45  Hydralisk  
  133  7:47  Overlord  
  133  7:48  Hydralisk  
  139  7:51  Hydralisk  
  139  7:55  Overlord  
  141  7:58  Overlord  
  141  8:03  Infestation Pit  
  141  8:04  Zerg Missile Weapons Level 1  
  140  8:08  Zergling x2  
  140  8:09  Zergling x20  
  150  8:14  Drone  
  149  8:25  Baneling x10  
  149  8:26  Zergling x4  
  149  8:27  Zergling x12  
  157  8:29  Baneling x4  
  157  8:31  Spine Crawler x2, Zergling x4  
  157  8:32  Zergling x2  
  158  8:35  Zergling x4  
  158  8:36  Baneling x4  
  158  8:37  Zergling x2  
  158  8:40  Zergling x4  
  163  8:42  Zergling x2  
  163  8:44  Zergling x2  
  163  8:47  Overlord x2  
  164  8:51  Overlord x2  
  164  8:54  Overlord  
  161  8:59  Hive  
  156  9:13  Zergling x20  
  147  9:18  Hydralisk  
  147  9:19  Hydralisk x3  
  147  9:21  Zergling x2  
  147  9:22  Zergling x4  
  155  9:25  Zergling x2  
  155  9:26  Zergling x2  
  155  9:27  Zergling x2  
  155  9:28  Zergling x4  
  159  9:31  Zergling x2  
  159  9:32  Zergling x2  
  159  9:34  Zerg Melee Weapons Level 2  
  158  9:40  Spine Crawler  
  158  9:42  Drone x4  
  158  9:43  Drone  
  155  9:48  Drone  
  155  9:49  Drone x2  
  152  9:53  Spine Crawler  
  152  9:55  Spine Crawler, Spore Crawler, Drone x2  
  152  9:56  Drone  
  152  9:57  Spine Crawler, Queen  
  153  10:02  Drone x2  
  153  10:06  Baneling x11  
  155  10:07  Baneling  
  154  10:14  Spire  
  154  10:17  Adrenal Glands  
  154  10:21  Zergling x10  
  156  10:30  Zergling x18  
  156  10:33  Overlord  
  165  10:40  Zergling x16  
  165  10:41  Baneling  
  165  10:42  Baneling x3  
  173  10:44  Baneling  
  173  10:45  Baneling x6  
  173  10:46  Drone  
  174  10:52  Overlord  
  174  10:53  Overlord  
  174  11:14  Zergling x8  
  174  11:15  Zergling x2  
  179  11:18  Baneling  
  179  11:19  Baneling x16  
  175  11:34  Zergling x4  
  154  11:54  Greater Spire  
  154  11:55  Zergling x4  
  154  11:56  Zergling x52  
  154  11:59  Zerg Melee Weapons Level 3  
  154  12:00  Zerg Missile Weapons Level 2  
  180  12:14  Hatchery  
  177  12:27  Corruptor x2  
  177  12:28  Corruptor x12  
  136  12:52  Hydralisk x5  
  145  12:59  Zergling x12  
  151  13:09  Brood Lord x9  
  151  13:10  Brood Lord  
  151  13:12  Zergling x4  
  169  13:13  Zergling x2  
  169  13:14  Zergling x2  
  169  13:15  Zergling x2  
  172  13:21  Brood Lord x2  
  172  13:22  Zergling x4  
  172  13:23  Zergling x2  
  172  13:24  Zergling x2  
  178  13:28  Overseer  
  178  13:32  Corruptor x2  
  182  13:34  Corruptor  
  182  13:38  Corruptor  
  186  13:42  Baneling x5  
  183  13:54  Zergling x2  
  183  13:55  Zergling x24  
  196  14:05  Overlord  
  196  14:07  Overlord  
  196  14:08  Overlord  
  196  14:11  Baneling x19  
  195  14:23  Overlord  
  192  14:29  Corruptor x4  
Show
View Real Time Build Order
Export as new Build Order

puCK Protoss 

Build Orders: 1 Gate Expand, Oracle Opening, Phoenix Opening, Archon Immortal, Zealot Archon, Archon Drop 

Get SALT Encoding   

  12  0:00  Probe  
  13  0:12  Probe  
  14  0:18  Pylon  
  14  0:25  Probe  
  15  0:29  Assimilator  
  15  0:36  Probe  
  16  0:44  Probe  
  16  0:45  Gateway  
  17  0:52  Probe  
  18  1:03  Probe  
  19  1:15  Probe  
  20  1:27  Nexus  
  20  1:36  Cybernetics Core  
  20  1:39  Probe  
  21  1:44  Assimilator  
  21  1:51  Probe  
  22  1:55  Pylon  
  22  2:03  Probe  
  22  2:04  Adept  
  25  2:17  Stargate, Probe  
  25  2:21  Warp Gate  
  26  2:28  Probe  
  27  2:32  Adept  
  27  2:35  Probe  
  27  2:36  Probe  
  29  2:43  Probe  
  29  2:44  Probe  
  33  2:52  Oracle  
  33  2:53  Probe  
  33  2:56  Probe  
  35  3:05  Probe  
  39  3:08  Probe  
  40  3:15  Assimilator  
  40  3:16  Assimilator  
  40  3:17  Probe  
  41  3:20  Probe  
  41  3:24  Pylon  
  42  3:30  Robotics Facility  
  42  3:31  Probe  
  43  3:37  Phoenix  
  43  3:39  Probe  
  46  3:46  Probe  
  47  3:48  Twilight Council  
  47  3:51  Probe  
  48  4:00  Gateway  
  48  4:02  Gateway  
  48  4:05  Probe x2  
  50  4:12  Gateway, Warp Prism  
  50  4:17  Probe  
  50  4:19  Probe  
  54  4:28  Pylon  
  54  4:31  Templar Archives  
  54  4:46  Probe x2  
  54  4:47  Pylon  
  54  4:50  Pylon  
  56  4:55  Zealot  
  56  4:58  Probe x2  
  60  5:10  Nexus, Probe  
  61  5:14  Observer  
  61  5:16  High Templar x2  
  61  5:17  High Templar  
  61  5:20  High Templar  
  61  5:21  Pylon  
  70  5:22  Archon  
  70  5:23  Charge  
  70  5:24  Archon  
  70  5:26  Probe  
  71  5:29  Pylon  
  71  5:30  Probe  
  71  5:32  Immortal  
  76  5:50  Gateway, Probe  
  76  5:51  Probe  
  76  5:52  Gateway  
  76  5:56  Gateway, Psionic Storm  
  78  6:02  Zealot x2  
  81  6:06  Zealot  
  81  6:09  Zealot  
  81  6:10  Probe  
  82  6:12  Probe  
  83  6:20  Immortal  
  83  6:22  Probe  
  83  6:25  High Templar, Probe  
  89  6:30  High Templar  
  89  6:32  Probe  
  94  6:34  Probe  
  94  6:36  Zealot  
  94  6:37  Probe  
  98  6:48  Probe  
  98  6:50  High Templar  
  98  6:51  Probe x2  
  98  6:53  Shield Battery  
  103  6:57  High Templar, Assimilator  
  103  6:59  Assimilator  
  103  7:00  Probe  
  106  7:01  Forge  
  106  7:03  Probe  
  106  7:05  Probe  
  108  7:13  Immortal  
  108  7:14  Pylon  
  108  7:15  Pylon  
  108  7:17  Probe, Pylon  
  108  7:18  Protoss Ground Weapons Level 1  
  109  7:28  Pylon  
  109  7:29  Pylon  
  109  7:32  Probe x2  
  109  7:33  High Templar  
  113  7:42  Gateway, High Templar  
  113  7:44  Gateway  
  116  7:46  Pylon  
  115  7:53  Gateway  
  115  7:56  Immortal  
  119  8:01  Nexus  
  119  8:02  Pylon  
  119  8:06  Pylon  
  119  8:09  High Templar x2  
  123  8:13  Archon  
  123  8:14  Zealot x5  
  131  8:34  Pylon  
  131  8:39  High Templar  
  131  8:40  High Templar x3  
  139  8:44  Archon  
  139  8:45  Archon  
  139  8:49  Zealot x2  
  139  8:53  Immortal  
  141  8:58  High Templar  
  143  9:03  Zealot x3  
  132  9:21  Protoss Ground Weapons Level 2  
  132  9:23  Zealot x9  
  137  9:32  Pylon  
  137  9:34  Immortal, Pylon  
  137  9:36  High Templar  
  139  9:47  High Templar x2  
  133  9:55  Nexus  
  133  9:56  Pylon  
  133  9:57  Pylon  
  133  10:01  High Templar x2  
  137  10:08  Pylon  
  137  10:13  Probe x2  
  139  10:15  Photon Cannon, High Templar x2  
  139  10:18  Photon Cannon  
  139  10:20  Photon Cannon, Zealot  
  139  10:21  Zealot x5  
  151  10:22  Photon Cannon  
  146  10:29  Photon Cannon  
  146  10:30  Photon Cannon  
  146  10:32  Photon Cannon  
  144  10:38  High Templar x2  
  146  10:45  Archon  
  146  10:46  High Templar  
  148  10:55  Assimilator  
  148  11:00  Assimilator  
  148  11:01  Gateway, Observer  
  148  11:02  Gateway  
  148  11:04  Shield Battery  
  148  11:07  Shield Battery  
  149  11:13  Blink  
  149  11:17  High Templar x2  
  153  11:21  Archon  
  153  11:32  Zealot x4  
  153  11:33  Zealot x3  
  153  11:34  Zealot  
  167  11:43  Warp Prism  
  157  11:55  Protoss Ground Weapons Level 3  
  157  12:00  Photon Cannon  
  157  12:01  High Templar x4  
  163  12:02  Photon Cannon  
  163  12:05  Archon  
  163  12:06  Archon  
  165  12:10  High Templar  
  165  12:11  High Templar  
  167  12:18  Archon  
  167  12:20  Observer, Zealot x3  
  167  12:21  Zealot x3  
  172  12:34  Zealot x2  
  172  12:36  Zealot x2  
  166  12:41  Zealot x6, Warp Prism  
  156  12:45  Zealot x2  
  156  12:55  High Templar x2  
  156  12:57  Probe  
  156  12:58  Probe x3  
  160  13:01  High Templar x3  
  160  13:05  Photon Cannon  
  166  13:09  Probe  
  166  13:10  Probe  
  156  13:14  Probe  
  156  13:17  High Templar x2  
  162  13:20  Probe  
  162  13:33  Probe  
  163  13:37  High Templar x2, Probe  
  163  13:38  Probe x2  
  170  13:44  Archon  
  170  13:48  Stalker x5  
  170  13:49  Photon Cannon  
  170  13:51  Photon Cannon  
  176  14:06  Stalker  
  176  14:07  Stalker x3  
  184  14:10  Observer  
  184  14:13  Stalker x3  
  191  14:18  Stalker  
  191  14:23  Stalker  
  193  14:29  Stalker x2  
  122  14:47  Stalker x4  
Tags
 
Add a new tag
Caveats
  • Supply blocks, unpowered buildings, or Contaminate may cause inaccurate times.
  • Supply counts are checked every 10 seconds.